 Dungeon Crawl Stone Soup version 0.21-a0-157-gb89e0e2 (webtiles) character file.

91610 namelastname112 the Lord of Darkness (level 15, -1/141 HPs)
             Began as a Purple Draconian Wanderer on Aug 4, 2017.
             Was the Champion of Kikubaaqudgha.
             Slain by a scimitar of flaming (17 damage)
             ... on level 2 of the Elven Halls.
             The game lasted 00:53:46 (29971 turns).

namelastname112 the Lord of Darkness (DrWn)        Turns: 29971, Time: 00:53:47

Health: -1/141     AC: 20    Str: 19    XL:     15   Next: 55%
Magic:  38/38      EV: 17    Int: 11    God:    Kikubaaqudgha [******]
Gold:   2938       SH:  0    Dex: 21    Spells: 22/35 levels left

rFire    . . .     SeeInvis .   y - +11 falchion of Peoden {venom, rC+ Str+4 Dex+3}
rCold    + . .     Gourm    .   (no shield)
rNeg     . . .     Faith    .   (armour unavailable)
rPois    .         Spirit   .   (helmet restricted)
rElec    .         Reflect  .   Q - +1 cloak
rCorr    .         Harm     .   P - +2 pair of gloves
MR       ++...                  f - +0 pair of boots
Stlth    ++........             J - amulet of regeneration
HPRegen  0.73/turn              z - ring of magical power
MPRegen  0.26/turn              G - +4 ring of protection

@: very slightly contaminated, very heavily drained, invisible
A: breathe power, unfitting armour, robust 1, shaggy fur 1, cold-blooded, AC +9
a: Breathe Dispelling Energy, Receive Corpses, Torment, Brand Weapon With Pain,
Receive Necronomicon, Renounce Religion


You were on level 2 of the Elven Halls.
You worshipped Kikubaaqudgha.
Kikubaaqudgha was exalted by your worship.
You were not hungry.

You visited 5 branches of the dungeon, and saw 26 of its levels.
You visited the Abyss 1 time.
You also visited: Ossuary and Ice Cave.

You collected 3146 gold pieces.
You spent 208 gold pieces at shops.

Inventory:

Hand Weapons
 h - a +4 scimitar of flaming
 y - the +11 falchion of Peoden (weapon) {venom, rC+ Str+4 Dex+3}
   (You found it on level 4 of the Dungeon)

   It poisons the flesh of those it strikes.
   It affects your strength (+4).
   It affects your dexterity (+3).
   It protects you from cold.
Missiles
 r - 15 throwing nets (quivered)
Armour
 f - a +0 pair of boots (worn)
 P - a +2 pair of gloves (worn)
 Q - a +1 cloak (worn)
Magical Staves
 O - an uncursed staff of death
Jewellery
 v - an uncursed ring of protection from cold
 z - a ring of magical power (left hand)
 G - a +4 ring of protection (right hand)
 H - an uncursed ring of poison resistance
 J - an amulet of regeneration (around neck)
 W - an uncursed ring of protection from magic
Wands
 p - a wand of flame (25/48)
 w - a wand of scattershot (0/9)
 M - a wand of lightning (5/15)
 S - a wand of digging (13/24)
Scrolls
 b - 10 scrolls of teleportation
 k - 5 scrolls of enchant weapon
 l - a scroll of recharging
 o - 7 scrolls of remove curse
 q - 3 scrolls of fog
 t - 3 scrolls of magic mapping
 A - 2 scrolls of enchant armour
 F - a scroll of holy word
 K - 7 scrolls of identify
 R - 3 scrolls of amnesia
 T - a scroll of brand weapon
 V - 3 scrolls of fear
Potions
 c - a potion of cancellation
 e - 3 potions of curing
 g - 2 potions of ambrosia
 i - 5 potions of agility
 j - a potion of magic
 s - 4 potions of mutation
 u - 5 potions of haste
 x - 3 potions of brilliance
 B - 4 potions of might
 D - 3 potions of resistance
 Y - a potion of flight
Miscellaneous
 N - a lightning rod (4/4)
Comestibles
 d - 13 bread rations
 m - 13 meat rations
 C - a chunk of flesh
 L - 6 royal jellies
 X - 33 fruits


   Skills:
 - Level 11.1(7.4) Fighting
 - Level 10.8(7.1) Long Blades
   Level 1.0(0.6) Maces & Flails
 - Level 5.7(2.5) Staves
 - Level 1.0(0.0) Throwing
 - Level 9.5(5.9) Dodging
 * Level 10.7(7.0) Spellcasting
 - Level 9.8(6.2) Charms
 + Level 12.5(8.7) Necromancy
 + Level 10.7(7.0) Ice Magic
 + Level 6.7(3.4) Evocations


You had 22 spell levels left.
You knew the following spells:

 Your Spells              Type           Power        Failure   Level  Hunger
a - Animate Dead          Necr           N/A          4%          4    ####...
b - Simulacrum            Ice/Necr       ###.......   71%         6    #######
d - Regeneration          Chrm/Necr      ###.......   2%          3    ###....


Dungeon Overview and Level Annotations

Branches:
Dungeon (15/15)            Temple (1/1) D:4            Lair (6/6) D:10
  Swamp (0/4) Lair:2        Snake (0/4) Lair:3        Slime (0/5) Lair:6
    Orc (2/2) D:12            Elf (2/3) Orc:2        Vaults (0/5) D:14
 Depths (0/5) D:15

Altars:
Ashenzari
Cheibriados
Dithmenos
Elyvilon
Fedhas
Gozag
Hepliaklqana
Kikubaaqudgha
Makhleb
Nemelex Xobeh
Okawaru
Qazlal
Ru
Sif Muna
Trog
Uskayaw
Vehumet
Wu Jian
Xom
Yredelemnul
Zin
The Shining One
Jiyva

Shops:
D:4 *   D:6 [   D:10 :   Orc:2 [?*=%!*   Elf:2 (

Annotations:
D:15 Agnes
Lair:4 exclusion: hydra
Lair:5 exclusion: 2 doors


Innate Abilities, Weirdness & Mutations

You can breathe bolts of dispelling energy.
Your rich purple scales are hard. (AC +9)
You cannot fit into any form of body armour.
You are cold-blooded and may be slowed by cold attacks.
You are robust. (+10% HP)
You are covered in fur. (AC +1)


Message History

* * * LOW HITPOINT WARNING * * *
The scimitar of flaming hits you!!
* * * LOW HITPOINT WARNING * * *
The scimitar of flaming burns you.
* * * LOW HITPOINT WARNING * * *
You are very lightly contaminated with residual magic.
You take 22 damage, and have 7/141 hp.
You feel better.
The scimitar of flaming hits you but does no damage.
You regained 8 hp, and now have 15/141 hp.
You catch the helpless scimitar of flaming completely off-guard!
You hit the scimitar of flaming.
Your tail-slap misses the scimitar of flaming.
The scimitar of flaming is lightly damaged.
The scimitar of flaming barely misses you.
You barely miss the scimitar of flaming.
The scimitar of flaming is lightly damaged.
The scimitar of flaming hits you!
You die...
Kikubaaqudgha rasps: "You have failed me!
Welcome... death!"

*,,,,,,,,,*,,,,,,,,,,,,***,,***
*,,,,*,,,,*,,.....,.,*,,,,,,**,
*****,8,*****,......#****,*****,
**,,,*,,,*,,**##...###**..,* *,
*,,,,*,,,*,,* #......###.#******,
*,,,,+,,,*,,*##...........,,,,**,
*,,⌠,+,_,+,,##.###.#.#...,,,,,**,
*,,,,+,,,*,,#.#(..#.......,,,,***
*,,,,*,,,*,,#.#.@.#..##...,,,,,,,
*,,,,*,,,*,,#.#...#.......,,,,***
*,****,8,****#.###...##.,,,,,,* *
*,*,,,,*,,,,*##....###....,,,,*
*,*,,,,,,,,,* #...........,,,,***
*,***#####*** #.##.##.....,,,,,,,
#.####...## #$##.#*,.>..,,,,,,,
....<.###.#####..#..,,,.##*,,,,,,
####.#(..#......8###*,,,# *,,,,,,


You could see a scimitar of flaming.

Vanquished Creatures
  Louise (D:14)
  Snorg (D:14)
  A deep elf high priest (Elf:1)
  A yaktaur captain (D:15)
  2 ice dragons (IceCv)
  An ogre mage (D:14)
  3 hydras
  3 centaur warriors
  11 two-headed ogres
  A death knight (D:11)
  2 dancing weapons (Elf:1)
  An alligator (Lair:6)
  Urug (D:11)
  3 deep elf knights
  A lindwurm (Lair:5)
  4 orc knights (Orc:2)
  3 deep elf archers (Elf:1)
  7 ugly things
  The ghost of Nico3ck the Cleaver, a novice FoFi (D:7)
  21 deep elf magi
  2 manticores
  4 orc sorcerers
  2 ice statues (IceCv)
  2 cyclopes
  2 centaur zombies
  Psyche (D:9)
  6 black mambas
  A molten gargoyle (Lair:1)
  2 torpor snails
  8 spiny frogs
  5 komodo dragons
  2 efreet
  A yaktaur (D:15)
  2 rime drakes
  6 trolls
  6 polar bears (Lair:6)
  2 hornets (Lair:5)
  6 hippogriffs
  2 raiju (Lair:6)
  A meliai zombie (D:12)
  9 blink frogs
  A hippogriff (shapeshifter) (D:15)
  Sigmund (D:4)
  2 wyverns
  A vampire (D:13)
  35 yaks
  A fire elemental (Lair:1)
  A human (D:9)
  2 basilisks
  3 hogs (D:9)
  A steam dragon (D:10)
  2 hungry ghosts
  4 wargs
  5 vampire mosquitoes (Lair:2)
  2 nagas (Lair:3)
  4 acid dragons
  14 hell hounds (Lair:6)
  17 porcupines
  14 water moccasins
  31 orc warriors
  2 sky beasts
  12 black bears
  3 eyes of draining (D:6)
  A hornet zombie (D:7)
  16 ice beasts
  2 phantoms (D:13)
  A necrophage (D:13)
  5 boggarts (D:14)
  36 wolves
  16 centaurs
  7 ogres
  12 crocodiles
  A big kobold (D:12)
  A gnoll sergeant (D:10)
  19 bullfrogs
  A wyvern skeleton (D:6)
  5 scorpions
  4 killer bees (D:9)
  10 wights
  5 electric eels
  3 howler monkeys (D:12)
  6 crimson imps
  16 orc priests
  3 jellies
  4 bullfrog skeletons
  5 centaur skeletons
  10 hounds
  5 iguanas
  Natasha (thrice) (D:4)
  19 orc wizards
  8 worker ants
  A big kobold zombie (Ossuary)
  A hound zombie (D:10)
  4 mummies (Ossuary)
  14 adders
  9 gnolls
  A howler monkey skeleton (D:6)
  3 shadow imps
  3 oozes (D:1)
  An adder skeleton (D:6)
  2 dart slugs
  7 leopard geckos
  67 orcs
  4 ball pythons
  4 giant cockroaches
  2 gnoll zombies (D:2)
  9 goblins
  10 hobgoblins
  8 jackals
  5 quokkas
  6 bats
  7 frilled lizards
  4 hobgoblin zombies (Ossuary)
  14 kobolds
  A leopard gecko zombie (D:8)
  2 quokka skeletons
  A quokka zombie (D:5)
  9 rats
  5 plants
727 creatures vanquished.

Vanquished Creatures (collateral kills)
  Rupert (D:12)
  A hydra (Lair:6)
  An orc high priest (D:12)
  A deep elf mage (Elf:1)
  4 oklob plants (Lair:4)
  A spiny frog (Lair:6)
  A rime drake (Lair:4)
  3 polar bears (Lair:6)
  2 blink frogs (Lair:4)
  A hornet (Lair:5)
  A raiju (Lair:6)
  A shadow (D:13)
  A yak (Lair:6)
  A basilisk (Lair:6)
  2 water moccasins (Lair:6)
  2 wargs
  An orc warrior (Orc:2)
  2 black bears (Lair:6)
  A phantom (D:14)
  11 wolves
  A wight (D:11)
  An orc wizard (D:12)
  A worker ant (D:12)
  3 orcs
  8 fungi (Lair:6)
  8 plants
61 creatures vanquished.

Vanquished Creatures (others)
  An ice beast (D:11)
  An orc priest (D:11)
  An orc wizard (D:11)
  6 orcs (D:11)
  A fungus (Lair:6)
  19 plants
29 creatures vanquished.

Grand Total: 817 creatures vanquished

Notes
Turn   | Place    | Note
-------+----------+-------------------------------------------
     0 | D:1      | namelastname112 the Draconian Wanderer began the quest for the Orb.
     0 | D:1      | namelastname112 set off with: a +2 quarterstaff, a scroll of teleportation, a +0 mace, a bread ration
     0 | D:1      | Reached XP level 1. HP: 23/23 MP: 1/1
   178 | D:1      | Reached XP level 2. HP: 26/29 MP: 2/2
   553 | D:1      | Reached skill level 1 in Dodging
   643 | D:1      | Reached XP level 3. HP: 25/37 MP: 3/3
  1203 | D:2      | Found a shattered altar of Ashenzari.
  1377 | D:2      | Reached XP level 4. HP: 40/44 MP: 4/4
  1662 | D:2      | Found a basalt altar of Yredelemnul.
  1724 | D:3      | Reached XP level 5. HP: 41/50 MP: 5/5
  2484 | D:4      | Noticed Sigmund
  2494 | D:4      | Killed Sigmund
  2494 | D:4      | Reached skill level 5 in Staves
  2494 | D:4      | Reached XP level 6. HP: 37/58 MP: 6/6
  2647 | D:4      | Noticed Natasha
  2651 | D:4      | Killed Natasha
  2671 | D:4      | Noticed Natasha
  2681 | D:4      | Killed Natasha
  2740 | D:4      | Found Cuarumn's Serpentskin Sales.
  2755 | D:4      | Noticed Natasha
  2759 | D:4      | Killed Natasha
  2948 | D:4      | Got a jewelled falchion
  2949 | D:4      | Identified the +11 falchion of Peoden {venom, rC+ Str+4 Dex+3} (You found it on level 4 of the Dungeon)
  3119 | D:4      | Your scales start taking on a rich purple colour.
  3119 | D:4      | Reached XP level 7. HP: 64/64 MP: 7/7
  3238 | D:4      | Found a staircase to the Ecumenical Temple.
  3340 | Temple   | Entered the Ecumenical Temple
  3553 | D:5      | Entered Level 5 of the Dungeon
  3623 | D:5      | Found a stormy altar of Qazlal.
  3643 | D:5      | Reached skill level 1 in Long Blades
  3715 | D:5      | Gained mutation: Your tail ends in a poisonous barb. [mutagenic meat]
  3717 | D:5      | Gained mutation: Your muscles are strong. (Str +2) [mutagenic meat]
  3771 | D:5      | Gained mutation: You are frail. (-10% HP) [mutagenic meat]
  3772 | D:5      | Gained mutation: Your muscles are very strong. (Str +4) [mutagenic meat]
  4011 | D:5      | Found a blossoming altar of Fedhas.
  4777 | D:6      | Found Kegearaemp's Antique Armour Emporium.
  4825 | D:6      | Found a sacrificial altar of Ru.
  4968 | D:6      | Reached XP level 8. HP: 63/65 MP: 8/8
  5012 | D:6      | Got a smoking dagger
  5013 | D:6      | Identified the cursed +0 dagger of Abomination {flame, Str-2 Dex+8} (You found it on level 6 of the Dungeon)
  5114 | D:6      | Found a bloodstained altar of Trog.
  5465 | D:6      | Reached skill level 5 in Long Blades
  5578 | D:7      | Noticed Nico3ck's ghost (novice FoFi)
  5598 | D:7      | Killed Nico3ck's ghost
  5598 | D:7      | Reached skill level 5 in Dodging
  5744 | D:7      | Reached XP level 9. HP: 72/72 MP: 9/9
  6006 | D:7      | Found a shadowy altar of Dithmenos.
  6423 | D:7      | Found an opulent altar of Gozag.
  7141 | D:8      | Found a sand-covered staircase.
  7145 | Ossuary  | Entered an ossuary
  7487 | D:8      | Noticed a two-headed ogre
  7498 | D:8      | Killed a two-headed ogre
  7796 | D:8      | Noticed a two-headed ogre
  7804 | D:8      | Killed a two-headed ogre
  7804 | D:8      | Reached XP level 10. HP: 50/81 MP: 10/10
  8021 | D:8      | Found an ancient bone altar of Kikubaaqudgha.
  8072 | D:8      | Noticed a two-headed ogre
  8084 | D:8      | Became a worshipper of Kikubaaqudgha
  8101 | D:8      | Killed a two-headed ogre
  8584 | D:9      | Noticed Psyche
  8594 | D:9      | Killed Psyche
  8594 | D:9      | Reached skill level 1 in Necromancy
  8632 | D:9      | Reached skill level 10 in Fighting
  8643 | D:9      | Reached skill level 1 in Spellcasting
  8643 | D:9      | Reached skill level 2 in Necromancy
  8661 | D:9      | You fall through a shaft for 3 floors!
  8900 | D:12     | Noticed Rupert
  8923 | D:12     | Reached skill level 10 in Long Blades
  9200 | D:12     | Found a staircase to the Orcish Mines.
  9211 | D:12     | Reached * piety under Kikubaaqudgha
  9211 | D:12     | Identified Kikubaaqudgha's Almanac of Stolen Souls (Kikubaaqudgha gifted it to you on level 12 of the Dungeon)
  9211 | D:12     | Received a gift from Kikubaaqudgha
  9229 | D:12     | Reached skill level 3 in Necromancy
  9590 | D:12     | Learned a level 3 spell: Regeneration
  9622 | D:11     | Noticed a two-headed ogre
  9629 | D:11     | Noticed Urug
  9633 | D:11     | Killed a two-headed ogre
  9633 | D:11     | Reached XP level 11. HP: 55/90 MP: 14/14
  9636 | D:11     | Noticed a red ugly thing
  9636 | D:11     | Noticed a two-headed ogre
  9668 | D:10     | Entered Level 10 of the Dungeon
  9987 | D:9      | Noticed a two-headed ogre
  9999 | D:9      | Found a sparkling altar of Nemelex Xobeh.
 10032 | D:9      | Killed a two-headed ogre
 10032 | D:9      | Reached skill level 4 in Necromancy
 10344 | D:9      | Reached ** piety under Kikubaaqudgha
 10897 | D:10     | Found Cojurchu's Book Shoppe.
 10901 | D:10     | Reached skill level 5 in Necromancy
 10989 | D:10     | Found a glowing golden altar of the Shining One.
 11054 | D:10     | Found a staircase to the Lair.
 11622 | D:11     | Noticed a death knight
 11819 | D:11     | Killed a death knight
 11863 | D:11     | Reached *** piety under Kikubaaqudgha
 11863 | D:11     | Identified Kikubaaqudgha's Catalogue of Evil (Kikubaaqudgha gifted it to you on level 11 of the Dungeon)
 11863 | D:11     | Received a gift from Kikubaaqudgha
 11898 | D:11     | Killed a two-headed ogre
 11898 | D:11     | Reached skill level 6 in Necromancy
 12024 | D:11     | Killed Urug
 12074 | D:11     | Noticed a five-headed hydra
 12234 | D:10     | Iwannabefree: дароу
 12513 | D:10     | namelastname112: хаюшки
 12574 | D:11     | Learned a level 4 spell: Animate Dead
 12589 | D:11     | Killed a red ugly thing
 12589 | D:11     | Reached XP level 12. HP: 51/99 MP: 19/19
 12792 | D:11     | Iwannabefree: освободился от рабства?
 12793 | D:11     | Reached skill level 5 in Spellcasting
 12796 | D:11     | namelastname112: месяц как
 12974 | D:11     | Iwannabefree: хуясе
 12974 | D:11     | Killed an eight-headed hydra
 12983 | D:11     | Iwannabefree: поздравляю
 13399 | D:12     | Noticed a six-headed hydra
 13499 | D:12     | Iwannabefree: а все наше комьюнити и закончилось
 13521 | D:11     | namelastname112: да я вижу блять
 13521 | D:11     | namelastname112: все хуй забили
 13725 | D:11     | Iwannabefree: девов поблагодари
 13783 | Lair:1   | Entered Level 1 of the Lair of Beasts
 13784 | Lair:1   | Iwannabefree: хуиту делают из игры
 13784 | Lair:1   | namelastname112: ну мне норм
 13795 | Lair:1   | namelastname112: моттлед вот убрали
 13795 | Lair:1   | Iwannabefree: кого-то просто заебало
 13795 | Lair:1   | namelastname112: заебись
 13800 | Lair:1   | Iwannabefree: меня и то и другое
 13807 | Lair:1   | Learned a level 6 spell: Simulacrum
 13837 | Lair:1   | Reached skill level 1 in Charms
 14055 | Lair:1   | Reached skill level 1 in Ice Magic
 14271 | Lair:1   | Reached skill level 7 in Necromancy
 14300 | Lair:1   | Lost mutation: Your muscles are very strong. (Str +4) [potion of mutation]
 14300 | Lair:1   | Lost mutation: Your tail ends in a poisonous barb. [potion of mutation]
 14300 | Lair:1   | Lost mutation: You are frail. (-10% HP) [potion of mutation]
 14300 | Lair:1   | Lost mutation: Your muscles are strong. (Str +2) [potion of mutation]
 14300 | Lair:1   | Gained mutation: You are robust. (+10% HP) [potion of mutation]
 14300 | Lair:1   | Gained mutation: You are covered in fur. (AC +1) [potion of mutation]
 14408 | Lair:1   | Found a shattered altar of Ashenzari.
 14618 | Lair:1   | Reached **** piety under Kikubaaqudgha
 14842 | Lair:2   | Found a frozen archway.
 14852 | IceCv    | Entered an ice cave
 14875 | IceCv    | Iwannabefree: ну я кстати единственный к то осилил ачивку
 15095 | IceCv    | Iwannabefree: !greatrace vp
 15102 | IceCv    | beem: Iwannabefree is a greatvampire!
 15117 | IceCv    | Reached skill level 8 in Necromancy
 15322 | IceCv    | Iwannabefree: и дефир и лалеев дропнули
 15322 | IceCv    | namelastname112: ого
 15322 | IceCv    | namelastname112: найс
 15322 | IceCv    | namelastname112: !lg . iwannabefree won vp
 15322 | IceCv    | beem: No keyword 'iwannabefree'
 15322 | IceCv    | namelastname112: !lg iwannabefree won vp
 15322 | IceCv    | beem: 25. Iwannabefree the Intangible (L27 VpAr of Ashenzari), escaped with the Orb and 4 runes on 2017-03-07 06:21:00, with 2295550 points after 76829 turns and 3:50:37.
 15322 | IceCv    | namelastname112: !won iwannabefree
 15322 | IceCv    | beem: iwannabefree has won 63 times in 685 games (9.20%): 2xHEAE 2xVpEn 1xCeFi 1xDDFi 1xDESu 1xDgFE 1xDsAM 1xDsFE 1xDsWz 1xFeCj 1xFeWz 1xGrIE 1xHECK 1xHECj 1xHEEn 1xHEFE 1xHEFi 1xHEIE 1xHEMo 1xHENe 1xHESk 1xHESu 1xHEWr 1xHEWz 1xHOMo 1xHaFi 1xHuSu 1xMfSk 1xMiMo 1xMuSk 1xNaAE 1xNaCj 1xNaVM 1xNaWn 1xNaWr 1xNaWz 1xOgAs 1xTeMo 1xVpAE 1xVpAK 1xVpAM 1xVpAr 1xVpAs 1xVpBe 1xVpCK 1xVpCj 1xVpEE 1xVpFE 1xVpFi 1xV...
 15322 | IceCv    | namelastname112: заебись
 15438 | IceCv    | Reached skill level 5 in Charms
 15455 | IceCv    | Noticed an ice dragon
 15456 | IceCv    | Noticed an ice dragon
 15467 | IceCv    | Killed an ice dragon
 15478 | IceCv    | Killed an ice dragon
 15850 | Lair:2   | Found a staircase to the Swamp.
 15864 | Lair:2   | Reached skill level 5 in Ice Magic
 16736 | Lair:3   | Found a staircase to the Snake Pit.
 16752 | Lair:3   | Reached XP level 13. HP: 107/127 MP: 20/20
 17670 | Lair:4   | Reached skill level 9 in Necromancy
 18394 | Lair:4   | Reached ***** piety under Kikubaaqudgha
 19617 | Lair:5   | Reached skill level 10 in Necromancy
 19960 | Lair:6   | Entered Level 6 of the Lair of Beasts
 20629 | Lair:6   | Reached XP level 14. HP: 93/136 MP: 21/21
 20677 | Lair:6   | Found a viscous altar of Jiyva.
 20677 | Lair:6   | Found a staircase to the Slime Pits.
 21398 | Lair:4   | Reached skill level 11 in Necromancy
 23230 | D:14     | Noticed Louise
 23406 | D:14     | Killed Louise
 23671 | D:14     | Found a gate to the Vaults.
 23891 | D:14     | Found a glowing silver altar of Zin.
 23967 | D:14     | Reached ****** piety under Kikubaaqudgha
 23999 | D:14     | Noticed Snorg
 24065 | D:14     | Killed Snorg
 24579 | D:15     | Entered Level 15 of the Dungeon
 24651 | D:15     | Noticed Agnes
 25525 | D:15     | Found a staircase to the Depths.
 25791 | Orc:1    | Entered Level 1 of the Orcish Mines
 25878 | D:12     | Killed Rupert
 25976 | D:12     | Reached skill level 10 in Ice Magic
 25988 | D:12     | Reached skill level 5 in Evocations
 26271 | Orc:1    | Reached XP level 15. HP: 141/141 MP: 28/28
 26417 | Orc:2    | Entered Level 2 of the Orcish Mines
 26460 | Orc:2    | Found Etorawk Ikhla's Antique Armour Boutique.
 26542 | Orc:2    | Found Holuipp's Distillery.
 26545 | Orc:2    | Found a staircase to the Elven Halls.
 26589 | Orc:1    | Reached skill level 12 in Necromancy
 26752 | Orc:2    | Bought a potion of invisibility for 104 gold pieces
 26752 | Orc:2    | Bought a potion of cancellation for 104 gold pieces
 27380 | Orc:2    | Found Uzaolisk's Jewellery Shoppe.
 27380 | Orc:2    | Found Zaosta's General Store.
 27382 | Orc:2    | Found Ireskyto's Magic Scroll Boutique.
 27384 | Orc:2    | Found Ruipy's Food Emporium.
 27438 | Orc:2    | Cast into level 1 of the Abyss (orc knight)
 27442 | Orc:2    | Escaped the Abyss
 27534 | Orc:2    | Found Xiurah's General Store.
 27915 | Elf:1    | Entered Level 1 of the Elven Halls
 28430 | Elf:1    | Reached skill level 10 in Spellcasting
 29398 | Elf:2    | Found Taboduff's Weapon Boutique.
 29968 | Elf:2    | HP: 7/141 [scimitar of flaming (2)]
 29971 | Elf:2    | Slain by a scimitar of flaming

Vault maps used:
D:1:      dpeg_arrival_rooms_b, serial_bayou_pond_c
D:2:      nicolae_ashenzari_panopticon, lemuel_zombie_altar_yredelemnul
D:3:      patterned_corridor
D:4:      temple_hall, first_bread, guppyfry_shop_venom, uniq_sigmund,
          uniq_natasha
D:5:      kennysheep_mini_moat, fedhas_altar_4
D:6:      trog_eyes_of_draining, serial_shops, nicolae_shop_crystal,
          nicolae_ru_great_annihilating_truth
D:7:      lemuel_ice_spiral_2, nicolae_dithmenos_shadow_blocks,
          nicolae_gozag_seed_capital
D:8:      lemuel_crystal_altar, lightli_ossuary_entry_decrepit_ruins
D:9:      old_standard_altar, serial_glass, glass_columns_b, glass_columns_a,
          grunt_livestock, uniq_psyche
D:10:     due_lair_maze_entry_diamond, serial_shops, shop,
          minmay_misc_feat_tower, nicolae_tso_carved_into_rock
D:11:     lemuel_old_faithful, uniq_urug
D:12:     david_orc_3, uniq_rupert
D:14:     david_vaults_2, grunt_ministairs_3, lemuel_statue_altar, uniq_louise,
          uniq_snorg
D:15:     grunt_enter_depths_snipers, hangedman_decor_diamond_cutter,
          lemuel_nasty_fountain, uniq_kirke, uniq_agnes
Temple:   nicolae_temple_figure_eight
Lair:1:   basic_altar, grunt_forest_stairs_basic, serial_bayou_crossing
Lair:2:   minmay_swamp_entry_swarm, portal_ice_cave_entry_pillars_2,
          beast_lair_carwin_1, lemuel_fruit_tree
Lair:3:   guppyfry_snake_entry_island, wad_woods_road_01
Lair:4:   minmay_lair_oklob_chamber, grunt_megastairs_2, serial_bayou_shore_a
Lair:5:   cheibrodos_lair_overgrown_chateau, serial_bayou_lake_a
Lair:6:   hangedman_lair_caniforms_friends, slime_altar_1,
          grunt_forest_large_clearings
Orc:2:    st_orc_rangers, serial_shops, shop, shop,
          nicolae_shop_competitors_out_of_business
Elf:1:    elf_arrival_001, kennysheep_underground_church
Elf:2:    serial_shops, shop_statue, basic_altar, hangedman_summoners_spam
Ossuary:  ossuary_the_hunt_dpeg
IceCv:    ice_cave_small_dragons

Skill      XL: |  1  2  3  4  5  6  7  8  9 10 11 12 13 14 15 |
---------------+----------------------------------------------+-----
Dodging        | 1 2 3 5 6 8 9 |  9.5
Staves         | 3 4 5 |  5.7
Fighting       | 6 7 8 9 10 11 | 11.1
Long Blades    | 4 6 9 10 | 10.8
Necromancy     | 3 6 8 10 11 12 | 12.5
Spellcasting   | 2 4 5 9 10 | 10.7
Charms         | 6 9 |  9.8
Ice Magic      | 5 8 10 | 10.7
Evocations     | 5 6 |  6.7
Maces & Flails | |  1.0
Throwing       | |  1.0

Action                   |  1- 3 |  4- 6 |  7- 9 | 10-12 | 13-15 || total
-------------------------+-------+-------+-------+-------+-------++-------
Melee: Quarterstaff      |   126 |   107 |       |       |       ||   233
       Tailslap          |     6 |    13 |    63 |   174 |   349 ||   605
       Falchion          |       |     4 |   228 |   624 |  1342 ||  2198
       Unarmed           |       |       |       |     5 |       ||     5
       Scimitar          |       |       |       |       |    13 ||    13
Throw: Javelin           |       |     5 |       |       |       ||     5
       Throwing net      |       |       |       |     3 |     8 ||    11
 Cast: Animate Dead      |       |       |       |     3 |    46 ||    49
       Regeneration      |       |       |       |     2 |    16 ||    18
       Simulacrum        |       |       |       |       |     8 ||     8
Invok: Receive Corpses   |       |       |       |     1 |    15 ||    16
 Abil: Breathe Dispellin |       |       |     3 |     5 |     1 ||     9
Evoke: Wand              |       |       |     1 |     5 |    10 ||    16
       Lightning rod     |       |       |       |       |     3 ||     3
  Use: Scroll            |     3 |       |     3 |    24 |    11 ||    41
       Potion            |       |     1 |       |     5 |    15 ||    21
 Stab: Distracted        |     1 |       |       |     2 |     7 ||    10
       Sleeping          |     1 |     1 |     1 |     3 |     3 ||     9
       Paralysed         |       |       |     1 |       |       ||     1
       Held in net/web   |       |       |       |     2 |     2 ||     4
       Invisible         |       |       |       |       |     1 ||     1
  Eat: Chunk             |     2 |     3 |    15 |    14 |    40 ||    74
       Royal jelly       |       |     1 |     1 |     1 |     2 ||     5
       Meat ration       |       |       |     1 |     2 |     3 ||     6
       Fruit             |       |       |       |     4 |     5 ||     9
       Bread ration      |       |       |       |       |     1 ||     1
Armor: Skin              |    53 |    34 |    29 |   157 |   317 ||   590
Dodge: Dodged            |    96 |    58 |   126 |   536 |  1237 ||  2053
       Rpst.: Falchion   |       |     1 |    44 |   148 |   288 ||   481
       Scimitar          |       |       |       |       |     3 ||     3
